Map: Traitor's Exile

Players

MonstroTown

  • Race: Terran Terran
  • Spawn Location: 12:00

Michael

  • Race: Zerg Zerg
  • League: Gold
  • Spawn Location: 9:00

Snappin - Winner!

  • Race: Zerg Zerg
  • League: Diamond
  • Spawn Location: 6:00

SKIPPER - Winner!

  • Race: Zerg Zerg
  • Spawn Location: 5:00

VOD

Have the link to the VOD?

Description

Time

  • Played on: Sept. 25, 2018, 8:19 p.m.
  • Length: 17:21
Show
View Real Time Build Order
Export as new Build Order

MonstroTown Terran 

Build Orders: MMM Bio 

Get SALT Encoding   

  12  0:01  SCV  
  13  0:13  SCV  
  14  0:19  Supply Depot  
  14  0:26  Refinery  
  14  0:29  SCV  
  15  0:43  Barracks  
  15  0:51  Refinery  
  15  0:55  SCV  
  16  1:07  SCV  
  17  1:19  SCV  
  18  1:30  Factory  
  18  1:31  Reaper  
  19  1:57  Orbital Command  
  19  2:04  Reaper  
  20  2:15  Supply Depot  
  20  2:24  SCV  
  21  2:36  SCV  
  22  2:48  SCV  
  21  2:53  Factory Tech Lab  
  21  2:55  Marine  
  22  3:00  SCV  
  22  3:02  Starport  
  23  3:44  Medivac  
  23  3:45  Siege Tank  
  26  3:56  Command Center  
  26  4:02  Engineering Bay  
  26  4:03  Barracks  
  26  4:11  Marine  
  27  4:17  Bunker  
  27  4:27  Siege Tank  
  31  4:31  SCV  
  31  4:45  Supply Depot  
  31  4:51  Barracks Tech Lab  
  31  4:56  Supply Depot  
  31  4:57  Terran Infantry Weapons Level 1  
  31  5:07  SCV, Marine  
  31  5:09  Supply Depot  
  31  5:12  Orbital Command  
  33  5:19  SCV  
  34  5:22  Stimpack  
  34  5:38  Siege Tank, Medivac  
  34  5:39  SCV x2  
  41  5:45  Supply Depot, Marine  
  37  6:19  Orbital Command  
  34  6:31  Siege Tank  
  37  6:34  Marine  
  37  6:35  Marauder  
  37  6:39  Barracks  
  40  6:41  Barracks  
  40  6:42  Barracks  
  40  6:51  Medivac  
  42  6:54  Terran Infantry Armor Level 1  
  42  6:55  Marine  
  42  6:57  Marauder  
  45  7:09  Siege Tank  
  48  7:19  Missile Turret  
  48  7:20  Marine x2  
  50  7:27  Starport Tech Lab  
  50  7:28  Barracks Reactor  
  50  7:29  Barracks Reactor  
  50  7:30  Barracks Tech Lab  
  50  7:32  Combat Shields  
  50  7:38  Marine  
  51  7:45  Marine  
  51  7:48  Raven  
  51  7:50  Siege Tank  
  51  7:51  Marine  
  58  7:52  SCV  
  58  7:56  Marine  
  60  8:03  Marine  
  60  8:04  SCV  
  62  8:10  Armory  
  62  8:29  Supply Depot  
  62  8:46  Marine x4  
  62  8:47  Marine  
  62  8:48  SCV  
  62  8:51  SCV, Marine x2  
  63  9:00  SCV  
  60  9:03  SCV  
  60  9:04  Marine  
  60  9:09  Marauder, Marine  
  61  9:10  Siege Tank, Marauder  
  53  9:31  Marauder x2  
  46  9:42  Terran Infantry Weapons Level 2  
  46  9:48  Marine  
  47  9:54  Supply Depot  
  47  9:55  Supply Depot  
  47  9:56  Supply Depot, Marine x2  
  47  9:57  Marine  
  47  10:00  Marine  
  47  10:15  Marine x5  
  52  10:30  Marine x2  
  52  10:33  Marine  
  54  11:01  Marine x4  
  54  11:02  Marine x2  
  57  12:01  Marine x3  
  60  12:11  Command Center  
  60  12:13  Raven  
  60  12:14  Marine x2  
  64  12:52  Command Center  
  64  12:53  Marine x4  
  63  13:16  Marine x4  
  56  13:25  Marine x3  
  59  13:33  Marine  
  59  13:34  Marine x3  
  63  14:01  Marine x5  
  63  14:27  Marine x3  
  66  14:49  Marine x4  
  59  15:14  Marine  
  33  15:22  Banshee  
  33  15:24  Widow Mine  
  38  15:42  Marauder x2  
  42  15:51  Marine  
  43  15:58  Command Center  
  43  16:03  Marauder x2  
  47  16:11  Banshee  
  47  16:12  Siege Tank  
  47  16:14  Marine x5  
  58  16:24  Marauder  
  58  16:25  Marauder  
Show
View Real Time Build Order
Export as new Build Order

Michael Zerg 

Build Orders: Pool First 

Get SALT Encoding   

  12  0:01  Drone  
  13  0:13  Overlord  
  13  0:18  Drone  
  14  0:31  Drone x2  
  14  0:35  Drone  
  17  0:39  Extractor  
  16  0:46  Drone  
  17  0:53  Spawning Pool  
  16  0:57  Drone  
  17  1:07  Drone  
  18  1:26  Hatchery  
  18  1:27  Drone  
  18  1:39  Queen  
  18  1:46  Metabolic Boost  
  20  1:50  Zergling x2  
  20  1:53  Zergling x2  
  22  2:00  Overlord  
  22  2:12  Evolution Chamber  
  21  2:19  Queen  
  23  2:41  Zergling x8  
  26  3:00  Zergling x10  
  30  3:08  Zergling x2  
  31  3:16  Queen  
  31  3:18  Drone x2  
  34  3:54  Drone  
  34  3:55  Drone x6  
  35  3:56  Drone  
  33  4:07  Spine Crawler  
  32  4:10  Spine Crawler  
  32  4:16  Roach Warren  
  30  4:18  Queen  
  32  4:27  Queen  
  34  4:35  Drone x2  
  34  4:37  Overlord  
  36  4:42  Overlord  
  36  4:50  Zerg Ground Armor Level 1  
  36  4:57  Lair  
  36  5:03  Drone x2  
  36  5:04  Drone  
  36  5:07  Drone  
  40  5:20  Drone x4  
  40  5:21  Drone x2  
  46  5:23  Extractor  
  46  5:25  Extractor  
  45  5:28  Drone  
  45  5:29  Spore Crawler  
  45  5:31  Drone  
  45  5:32  Drone  
  46  5:35  Drone  
  47  5:48  Drone x2  
  47  5:49  Drone  
  50  5:53  Spore Crawler  
  50  5:55  Zergling x2  
  50  5:56  Zergling x4  
  52  5:58  Overlord  
  52  6:16  Roach  
  52  6:17  Roach x3  
  60  6:18  Overlord  
  60  6:19  Overlord  
  51  6:49  Roach x6  
  59  6:56  Queen x2  
  63  7:11  Hatchery  
  63  7:15  Glial Reconstitution  
  62  7:16  Hatchery, Spire  
  62  7:21  Spore Crawler  
  59  7:26  Spore Crawler  
  58  7:33  Zerg Ground Armor Level 2  
  58  7:37  Roach x2  
  58  7:40  Roach  
  64  8:00  Roach x6  
  64  8:04  Overlord  
  76  8:08  Overlord  
  76  8:13  Overlord  
  76  8:32  Queen  
  78  8:36  Roach x5  
  88  8:42  Roach x2  
  68  9:07  Mutalisk x5  
  68  9:08  Mutalisk  
  74  9:26  Mutalisk  
  74  9:28  Zergling x4  
  74  9:29  Zergling x12  
  84  9:39  Zergling x8  
  84  9:40  Zergling x2  
  84  9:43  Zergling x2  
  90  9:54  Drone  
  90  9:55  Drone  
  90  9:56  Queen  
  94  10:01  Drone x3  
  94  10:02  Drone  
  94  10:04  Drone  
  99  10:15  Mutalisk x3  
  88  10:45  Overlord  
  88  10:46  Overlord  
  88  10:49  Drone x7  
  98  10:50  Drone x3  
  98  10:55  Drone x2  
  98  10:56  Drone x4  
  98  10:57  Drone x4  
  108  11:07  Infestation Pit  
  107  11:16  Drone x10  
  117  11:19  Overlord  
  117  11:20  Overlord  
  117  11:22  Overlord  
  117  11:36  Roach  
  117  11:38  Overlord x3  
  119  11:50  Hive  
  119  11:52  Burrow, Queen x2  
  123  11:56  Zerg Missile Weapons Level 1  
  123  12:03  Drone x5  
  123  12:06  Extractor  
  123  12:07  Extractor  
  126  12:11  Roach x2  
  126  12:12  Roach x12  
  126  12:13  Extractor  
  126  12:14  Zergling x4  
  155  12:16  Extractor  
  154  12:32  Mutalisk x3  
  160  12:42  Zergling x14  
  138  13:10  Roach x2  
  138  13:11  Roach x10  
  119  13:22  Roach x2  
  119  13:23  Roach  
  119  13:25  Roach  
  121  13:31  Drone  
  121  13:32  Drone x2  
  124  13:50  Drone x3  
  127  13:56  Corruptor x3  
  127  13:57  Corruptor  
  135  14:08  Zergling x2  
  135  14:09  Zergling x32  
  152  14:21  Roach x5  
  152  14:22  Roach  
  149  14:28  Zergling x2  
  130  14:44  Roach x9  
  130  14:45  Roach x3  
  120  15:01  Roach x5  
  118  15:17  Zergling x2  
  128  15:47  Swarm Host x3  
  128  15:48  Swarm Host x2  
  143  16:05  Swarm Host  
  158  16:18  Queen x2  
  113  16:49  Swarm Host  
  113  16:50  Swarm Host x5  
  113  16:52  Swarm Host  
  119  16:56  Zergling x4  
Show
View Real Time Build Order
Export as new Build Order

Snappin Zerg - Winner!

Build Orders: Hatch First 

Get SALT Encoding   

  12  0:02  Drone  
  13  0:12  Overlord  
  13  0:18  Drone  
  14  0:31  Drone x2  
  14  0:35  Drone  
  17  0:56  Hatchery  
  16  0:57  Drone  
  16  1:00  Drone  
  18  1:10  Extractor  
  17  1:17  Spawning Pool  
  16  1:19  Drone  
  16  1:22  Drone  
  18  1:28  Drone  
  19  1:41  Overlord  
  19  2:04  Zergling x4  
  19  2:05  Queen  
  19  2:07  Queen  
  19  2:08  Zergling x2  
  26  2:11  Drone  
  27  2:19  Drone  
  27  2:22  Drone  
  29  2:29  Drone  
  30  2:37  Drone  
  30  2:40  Drone  
  28  2:53  Zergling x4  
  28  2:57  Zergling x2  
  29  3:03  Queen  
  29  3:05  Drone x2  
  33  3:14  Zergling x2  
  34  3:22  Metabolic Boost  
  34  3:23  Zergling x4  
  35  3:31  Zergling x4, Baneling Nest  
  35  3:32  Overlord  
  32  3:36  Drone  
  29  3:42  Spine Crawler  
  27  3:49  Zergling x4  
  18  4:06  Drone  
  18  4:09  Drone  
  20  4:15  Baneling  
  20  4:16  Baneling x2  
  20  4:23  Drone  
  21  4:28  Drone  
  22  4:35  Drone  
  23  4:43  Drone  
  23  4:44  Drone  
  25  4:52  Drone  
  26  4:53  Drone  
  26  4:58  Drone  
  28  5:04  Drone  
  28  5:05  Drone  
  30  5:10  Drone  
  30  5:12  Drone  
  32  5:19  Drone x2  
  34  5:22  Drone  
  34  5:26  Drone  
  36  5:29  Drone  
  36  5:31  Drone  
  36  5:35  Drone  
  39  5:36  Drone  
  39  5:41  Drone  
  39  5:42  Drone  
  41  5:44  Drone  
  41  5:47  Drone  
  43  5:52  Zergling x2  
  44  6:17  Overlord x4  
  44  6:32  Extractor  
  43  6:36  Extractor, Drone  
  43  6:37  Extractor, Drone x3  
  43  6:38  Drone x2  
  43  6:39  Drone x2, Lair  
  49  6:40  Drone  
  46  7:01  Zergling x6  
  48  7:04  Drone x2  
  50  7:09  Overlord  
  50  7:14  Hatchery  
  49  7:30  Zergling x8  
  49  7:31  Zergling x10  
  58  7:37  Queen  
  58  7:41  Hydralisk Den  
  59  7:44  Drone  
  59  7:45  Drone x2  
  59  7:48  Evolution Chamber  
  59  7:51  Evolution Chamber  
  60  8:04  Baneling x4  
  60  8:05  Baneling  
  60  8:09  Hydralisk x6  
  72  8:18  Zerg Missile Weapons Level 1, Zerg Ground Armor Level 1  
  72  8:19  Hydralisk x3  
  74  8:22  Hydralisk  
  80  8:27  Hydralisk  
  82  8:38  Drone x6  
  88  8:41  Muscular Augments  
  85  8:49  Hydralisk x2  
  85  8:54  Hydralisk  
  71  9:05  Hydralisk  
  71  9:06  Hydralisk  
  72  9:14  Drone x6  
  78  9:31  Hydralisk x5  
  88  9:39  Extractor  
  88  9:42  Extractor  
  86  9:48  Infestation Pit  
  73  10:00  Pneumatized Carapace  
  73  10:02  Drone x3  
  73  10:03  Drone x3  
  77  10:07  Grooved Spines, Hydralisk  
  77  10:08  Hydralisk  
  77  10:10  Zergling x10  
  82  10:16  Hydralisk  
  82  10:18  Zergling x6  
  87  10:23  Overseer  
  87  10:27  Hydralisk  
  89  10:42  Zergling x2  
  90  10:46  Hive  
  90  11:00  Overlord x3  
  90  11:01  Overlord  
  90  11:02  Zerg Missile Weapons Level 2  
  90  11:21  Zerg Ground Armor Level 2  
  90  11:22  Hydralisk x7  
  104  11:34  Hydralisk x3  
  104  11:35  Zergling x2  
  104  11:36  Zergling x20  
  121  11:52  Baneling  
  121  11:53  Baneling x3  
  121  11:54  Baneling  
  121  11:57  Centrifical Hooks  
  121  12:10  Spore Crawler  
  121  12:11  Spore Crawler  
  121  12:13  Spore Crawler  
  118  12:27  Hatchery  
  117  12:36  Zergling x2  
  119  12:37  Zergling x8  
  119  12:38  Overlord x2  
  119  12:39  Overlord  
  122  12:56  Ultralisk Cavern  
  121  12:59  Hydralisk  
  121  13:00  Hydralisk x11  
  144  13:07  Hydralisk x2, Zergling x4  
  144  13:08  Zergling x6  
  144  13:09  Zergling x4  
  141  13:17  Zergling x2  
  141  13:18  Zergling x12  
  138  13:31  Burrow  
  138  13:35  Zerg Missile Weapons Level 3  
  138  13:37  Zerg Melee Weapons Level 1  
  138  13:43  Zergling x2  
  138  13:44  Zergling x20  
  149  13:53  Chitinous Plating  
  149  13:57  Viper  
  149  14:00  Overlord x3  
  156  14:24  Ultralisk x3  
  163  14:47  Ultralisk  
  163  14:48  Viper  
  163  14:50  Overlord x2  
  163  14:51  Overlord x5  
  152  15:07  Queen  
  152  15:08  Ultralisk  
  152  15:09  Ultralisk  
  164  15:22  Ultralisk  
  164  15:23  Overlord  
  164  15:24  Overlord  
  170  15:31  Drone x6  
  170  15:35  Extractor, Viper  
  175  15:36  Extractor  
  172  15:56  Hydralisk x2  
  171  15:57  Zergling x2  
  171  15:58  Zergling x16  
  184  16:24  Ultralisk x2  
  182  16:41  Overseer  
  182  16:43  Drone  
  182  16:44  Drone x5  
  182  16:45  Drone x3  
  190  16:48  Hatchery  
Show
View Real Time Build Order
Export as new Build Order

SKIPPER Zerg - Winner!

Build Orders: Hatch First 

Get SALT Encoding   

  12  0:01  Drone  
  13  0:12  Overlord  
  13  0:18  Drone  
  14  0:45  Hatchery  
  14  0:50  Drone  
  14  0:52  Drone  
  14  0:56  Drone  
  16  1:13  Spawning Pool  
  16  1:16  Drone  
  16  1:20  Drone  
  17  1:32  Drone  
  18  1:45  Drone x2  
  20  1:50  Extractor  
  20  1:51  Extractor  
  18  1:55  Drone  
  19  2:02  Queen  
  19  2:03  Queen  
  19  2:06  Drone x2  
  25  2:18  Drone x2  
  27  2:26  Drone  
  28  2:35  Overlord x2  
  28  2:59  Zergling x6  
  28  3:00  Zergling x2  
  28  3:02  Zergling x2  
  28  3:04  Metabolic Boost  
  33  3:09  Lair  
  33  3:10  Roach Warren  
  32  3:17  Drone x2  
  32  3:18  Drone  
  35  3:28  Zergling x6  
  35  3:32  Drone  
  35  3:34  Drone  
  40  3:42  Zergling x2  
  40  3:43  Zergling x4  
  43  3:55  Zergling x2  
  43  3:58  Overlord x2  
  43  4:19  Glial Reconstitution  
  43  4:22  Roach x6  
  55  4:29  Drone  
  56  4:39  Roach  
  56  4:40  Roach  
  59  5:02  Spore Crawler  
  58  5:09  Spore Crawler  
  58  5:11  Spine Crawler  
  56  5:17  Drone, Spine Crawler  
  56  5:18  Drone x4  
  60  5:24  Overlord  
  60  5:25  Overlord x4  
  39  6:47  Roach x9  
  39  6:48  Roach x6  
  63  6:59  Drone  
  63  7:01  Drone  
  61  7:10  Drone x2  
  63  7:21  Zergling x4  
  65  7:28  Hatchery  
  64  7:33  Drone x2  
  66  7:38  Drone x4  
  70  7:48  Evolution Chamber  
  69  7:51  Drone  
  69  7:52  Drone x3, Evolution Chamber  
  69  7:56  Overlord  
  72  8:03  Ravager x5  
  77  8:06  Roach  
  77  8:07  Roach x3  
  85  8:15  Drone x4  
  89  8:20  Extractor  
  89  8:21  Zerg Missile Weapons Level 1  
  88  8:29  Zerg Ground Armor Level 1, Hydralisk Den  
  87  8:41  Roach x4  
  71  9:36  Roach x10  
  71  9:37  Roach x2  
  74  10:09  Ravager x2  
  74  10:12  Zergling x10  
  74  10:13  Zergling x8  
  85  10:21  Extractor  
  79  11:24  Hydralisk x9  
  79  11:25  Hydralisk x3  
  103  11:29  Drone x3  
  106  11:39  Drone x3  
  109  11:40  Queen  
  109  11:46  Muscular Augments  
  111  11:51  Overlord x6  
  111  12:00  Drone x2  
  113  12:07  Drone  
  114  12:10  Drone x3  
  114  12:12  Drone  
  118  12:16  Zerg Ground Armor Level 2, Zerg Missile Weapons Level 2  
  118  12:42  Hydralisk x2  
  118  12:43  Hydralisk x4  
  88  13:08  Hydralisk x6  
  88  13:10  Zergling x2  
  88  13:11  Zergling x16  
  101  13:22  Hydralisk x2  
  105  13:29  Pneumatized Carapace  
  105  13:37  Grooved Spines  
  105  13:41  Drone x5  
  107  13:44  Extractor  
  107  13:46  Extractor  
  108  13:53  Hatchery  
  84  14:20  Hydralisk x3  
  84  14:21  Hydralisk x6  
  86  14:25  Zergling x2  
  86  14:26  Zergling x8  
  44  15:07  Hydralisk x10  
  44  15:08  Hydralisk  
  44  15:09  Zergling x2  
  44  15:10  Zergling x12  
  44  15:13  Queen  
  70  15:23  Overseer  
  70  15:33  Drone x4  
  70  15:34  Drone x4  
  78  15:36  Queen  
  78  15:39  Drone  
  81  15:49  Hydralisk x2  
  83  15:51  Zergling x4  
  86  16:04  Roach x4  
Tags
 
Add a new tag
Caveats
  • Supply blocks, unpowered buildings, or Contaminate may cause inaccurate times.
  • Supply counts are checked every 10 seconds.